 Dungeon Crawl Stone Soup version 0.27.1 (webtiles) character file.

Game seed: 7172749347657484847

1547 bnorton916 the Magician (level 9, 0/59 HPs)
             Began as a Djinni Fire Elementalist on Aug 29, 2021.
             Slain by a gnoll (3 damage)
             ... on level 6 of the Dungeon.
             The game lasted 00:12:49 (11110 turns).

bnorton916 the Magician (Djinni Fire Elementalist) Turns: 11110, Time: 00:12:49

Health: 0/59       AC:  3    Str:  8    XL:     9   Next: 11%
Gold:   290        EV: 14    Int: 20    God:
                   SH:  0    Dex: 13

rFire    + + .     SeeInvis +   i - staff of air
rCold    x . .     Faith    .   (no shield)
rNeg     . . .     Spirit   .   a - +0 robe
rPois    ∞         Reflect  .   k - +0 helmet
rElec    +         Harm     .   (no cloak)
rCorr    .         Rampage  .   (no gloves)
Will     .....                  (boots unavailable)
Stlth    +.........             (no amulet)
HPRegen  0.19/turn              A - ring of see invisible
MPRegen  0.00/turn              (no ring)

@: lit by a corona, flying, glowing
A: sickness immunity, fire resistance 2, cold vulnerability 1, float, innate
caster, hp casting, extra vitality 1
a: no special abilities


You were on level 6 of the Dungeon.
You visited 1 branch of the dungeon, and saw 6 of its levels.
You also visited: Sewer.

You collected 290 gold pieces.

Inventory:

Hand Weapons
 j - a +0 dagger of speed
 B - a +1 rapier of draining
Missiles
 s - a curare-tipped dart
Armour
 a - a +0 robe (worn)
 k - a +0 helmet (worn)
Magical Staves
 i - a staff of air (weapon)
Jewellery
 A - a ring of see invisible (left hand)
 C - an amulet of faith
Wands
 D - a wand of iceblast (11)
Scrolls
 e - 3 scrolls of identify
 f - a scroll of enchant armour {unknown}
 m - a scroll of fear
 r - a scroll of brand weapon {unknown}
 t - a scroll of vulnerability {unknown}
 u - 3 scrolls of teleportation
 x - a scroll of amnesia {unknown}
 y - a scroll of acquirement {unknown}
 z - a scroll of magic mapping {unknown}
Potions
 b - 3 potions of curing {unknown}
 c - 2 potions of flight {unknown}
 d - a potion of berserk rage
 g - 4 potions of might {unknown}
 h - 4 potions of lignification {unknown}
 l - 2 potions of attraction {unknown}
 n - a potion of experience {unknown}
 o - 2 potions of cancellation {unknown}
 p - a potion of heal wounds {unknown}
 q - a potion of magic {unknown}
 v - 2 potions of mutation {unknown}
 w - 2 potions of haste {unknown}


   Skills:
 + Level 2.7 Fighting
 + Level 5.7 Dodging
 - Level 1.5 Stealth
 + Level 7.4 Spellcasting


You couldn't memorise any spells.
You knew the following spells:

 Your Spells              Type           Power      Damage    Failure   Level
a - Foxfire               Conj/Fire      100%       2x1d9     1%          1
b - Conjure Flame         Conj/Fire      37%        6-21      1%          3
c - Inner Flame           Hex/Fire       37%        N/A       1%          3
d - Sticky Flame          Conj/Fire      37%        2d6       4%          4
e - Fireball              Conj/Fire      18%        3d9       12%         5
f - Summon Small Mammal   Summ           100%       N/A       1%          1
g - Poisonous Vapours     Pois/Air       100%       N/A       1%          2
h - Vampiric Draining     Necr           18%        2d8       1%          3
i - Ice Form              Ice/Tmut       37%        N/A       4%          4
Your spell library was empty.

Dungeon Overview and Level Annotations

Branches:
Dungeon (6/15)              Sewer (visited)
 Temple: D:4-7

Altars:
Cheibriados
Sif Muna

Annotations:
D:2 Natasha
D:3 Grinder


Innate Abilities, Weirdness & Mutations

You are immune to sickness and miasma.
You are immune to poison.
Your flesh is very heat resistant. (rF++)
You are vulnerable to cold. (rC-)
You float through the air rather than walking.
You learn spells naturally, not from books.
Your magical power is your life essence.
You have superior vitality. (+4 HP)


Message History

You are outlined in light.
The foxfire hits the hound.
You kill the hound!
The foxfire hits the gnoll shaman.
The gnoll shaman is almost dead.
The gnoll barely misses you. The gnoll misses you.
The gnoll shaman hits you with a +0 club!
The gnoll hits you from afar with a +0 spear.
Casting: Foxfire (safe; 1% risk of failure)
Confirm with . or Enter, or press ? or * to list all spells.
You conjure some foxfire!
The gnoll closely misses you.
The gnoll hits you from afar with a +0 spear.
The gnoll shaman misses you.
The foxfire hits the gnoll.
The gnoll is severely wounded.
The foxfire hits the gnoll shaman!
You kill the gnoll shaman!
The gnoll misses you. The gnoll hits you with a +0 whip.
The gnoll barely misses you.
Unknown command.
Casting: Foxfire (safe; 1% risk of failure)
Confirm with . or Enter, or press ? or * to list all spells.
You conjure some foxfire!
The gnoll closely misses you.
The gnoll hits you from afar with a +0 spear!
* * * LOW HITPOINT WARNING * * *
The foxfire hits the gnoll!
You kill the gnoll!
The foxfire hits the gnoll.
The gnoll is severely wounded.
The gnoll hits you from afar with a +0 spear.
* * * LOW HITPOINT WARNING * * *
The gnoll barely misses you.
The gnoll hits you from afar with a +0 spear!
* * * LOW HITPOINT WARNING * * *
Casting: Foxfire (safe; 1% risk of failure)
Confirm with . or Enter, or press ? or * to list all spells.
You conjure some foxfire!
* * * LOW HITPOINT WARNING * * *
The gnoll hits you from afar with a +0 spear.
You die...

#........#... ...
#....#).##..### ##.#
#....#...#....# #..###
#...)........# #...##
##............###...##
#..))............>..##
#...†g...............#
###.v.................
##v@....##..........
#.......###.#......#
##...#### #####.....
#..## ##.... ##.#
##.## ### ###


You could see a gnoll (fast, poisoned, ally target).

Vanquished Creatures
  A water moccasin (D:6)
  A sky beast (D:5)
  2 black bears
  A centaur (D:5)
  2 kobold brigands (Sewer)
  2 scorpions (D:5)
  A bullfrog (D:4)
  A water moccasin zombie (D:5)
  2 howler monkeys
  2 hounds
  A centaur zombie (D:5)
  A gnoll shaman (D:6)
  A centaur skeleton (D:5)
  Jessica (D:1)
  2 iguanas (D:4)
  An orc wizard (D:3)
  2 hound skeletons (D:4)
  13 adders
  5 gnolls
  8 river rats (Sewer)
  A white imp (D:5)
  An adder skeleton (D:5)
  A worm (D:3)
  A dart slug (D:1)
  11 orcs
  6 ball pythons
  6 bats
  3 endoplasms
  A giant cockroach (D:1)
  9 goblins
  10 hobgoblins
  19 kobolds
  2 quokkas
  3 frilled lizards (D:1)
  27 rats
151 creatures vanquished.

Vanquished Creatures (collateral kills)
  A foxfire (D:4)
1 creature vanquished.

Vanquished Creatures (others)
  515 foxfires
515 creatures vanquished.

Grand Total: 667 creatures vanquished

Notes
Turn   | Place    | Note
-------+----------+-------------------------------------------
     0 | D:1      | bnorton916 the Djinni Fire Elementalist began the quest for
                  | the Orb.
     0 | D:1      | Reached XP level 1. HP: 15/15 MP: 0/0
    38 | D:1      | Found a faded altar of an unknown god.
   324 | D:1      | Reached XP level 2. HP: 19/21 MP: 0/0
  1311 | D:1      | Reached skill level 3 in Spellcasting
  1382 | D:1      | Reached XP level 3. HP: 22/25 MP: 0/0
  1382 | D:1      | Learned a level 1 spell: Summon Small Mammal
  2103 | D:2      | Noticed Natasha
  2703 | D:2      | Noticed Jessica
  2715 | D:1      | Killed Jessica
  2716 | D:1      | Reached XP level 4. HP: 10/31 MP: 0/0
  4179 | D:3      | Found a large runed translucent door.
  4180 | D:3      | Found a large runed translucent door.
  4263 | D:3      | Reached XP level 5. HP: 31/36 MP: 0/0
  4263 | D:3      | Learned a level 2 spell: Poisonous Vapours
  4363 | D:3      | Reached skill level 4 in Spellcasting
  4585 | D:3      | Found a glowing drain.
  4598 | Sewer    | Entered a sewer
  5138 | Sewer    | Reached skill level 1 in Fighting
  5412 | Sewer    | Noticed a kobold brigand
  5426 | Sewer    | Reached XP level 6. HP: 39/42 MP: 0/0
  5871 | Sewer    | Reached skill level 5 in Spellcasting
  5871 | Sewer    | Reached XP level 7. HP: 43/48 MP: 0/0
  5871 | Sewer    | Learned a level 3 spell: Vampiric Draining
  6385 | D:3      | Noticed Grinder
  6394 | D:3      | Paralysed by Grinder for 2 turns
  6403 | D:3      | Paralysed by Grinder for 5 turns
  8000 | D:4      | Found a snail-covered altar of Cheibriados.
  8244 | D:5      | Entered Level 5 of the Dungeon
  8721 | D:5      | Reached skill level 6 in Spellcasting
  8721 | D:5      | Reached XP level 8. HP: 23/54 MP: 0/0
  9604 | D:5      | Reached skill level 5 in Dodging
 10183 | D:5      | Reached skill level 7 in Spellcasting
 10444 | D:4      | Reached XP level 9. HP: 13/59 MP: 0/0
 10444 | D:4      | Learned a level 4 spell: Ice Form
 11110 | D:6      | Slain by a gnoll

Illustrated notes

Levels and vault maps discovered:
D:1:      wander_arrival_lonely_grave, layout_basic,
          hellmonk_ecumenical_altar_run_dry, serial_park_tiny_1
D:2:      layout_basic, uniq_jessica, uniq_natasha
D:3:      layout_rooms, jmf_multi_god_temple2, cheibrodos_sewer_entry_sluice,
          kennysheep_generic_room_9, uniq_grinder
D:4:      layout_basic, nicolae_sif_muna_condensation, kennysheep_little_box,
          guppyfry_early_lair_pool
D:5:      layout_cave_pods, serial_column_ruins, column_ruins_columns_dead_end,
          column_ruins_grid_3, column_ruins_grid_1, column_ruins_grid_1
D:6:      layout_cave_pools, old_standard_altar, kennysheep_mini_moat,
          lemuel_crystal_altar, minmay_temple_entry_proselytizer, kb_rosetta

Skill      XL: |  1  2  3  4  5  6  7  8 |
---------------+-------------------------+-----
Spellcasting   | 3 4 5 6 7 |  7.4
Dodging        | 3 4 5 |  5.7
Fighting       | 1 2 |  2.7
Stealth        | |  1.5

Action                   |  1- 3 |  4- 6 |  7- 9 || total
-------------------------+-------+-------+-------++-------
Melee: Staff             |       |       |     2 ||     2
 Cast: Foxfire           |    67 |   109 |   124 ||   300
       Poisonous Vapours |       |     5 |    17 ||    22
  Use: Scroll            |     2 |     2 |       ||     4
Armor: Robe              |     6 |    14 |    31 ||    51
Dodge: Dodged            |    25 |    44 |    94 ||   163
